 Dungeon Crawl Stone Soup version 0.30.1-9-gdf580d7c3d (webtiles) character file.

Game seed: 13794142185071291635

73 CaptainMV the Chiller (level 4, -1/33 HPs)
             Began as a Draconian Ice Elementalist on Sept 25, 2023.
             Slain by a goblin
             ... wielding a +0 dagger
             ... led by Robin
              (3 damage)
             ... on level 2 of the Dungeon.
             The game lasted 00:11:07 (1064 turns).

CaptainMV the Chiller (Draconian Ice Elementalist)  Turns: 1064, Time: 00:11:08

Health: -1/33      AC:  8    Str: 10    XL:     4   Next: 8%
Magic:  0/7        EV: 12    Int: 15    God:
Gold:   123        SH:  5    Dex: 14    Spells: 7/8 levels left

rFire   . . .        a - +6 dagger
rCold   . . .        (no shield)
rNeg    . . .        (body armour unavailable)
rPois   .            (helmet restricted)
rElec   .            (no cloak)
rCorr   .            (no gloves)
SInv    .            j - +2 pair of boots
Will    .....        h - amulet of reflection
Stlth   ++           (no ring)
HPRegen 0.25/turn    (no ring)
MPRegen 0.10/turn

%: reflection
@: no status effects
A: AC +5, unfitting armour, cold-blooded
a: no special abilities


You were on level 2 of the Dungeon.
You visited 1 branch of the dungeon, and saw 2 of its levels.

You collected 123 gold pieces.

Inventory:

Hand Weapons
 a - a +6 dagger (weapon)
 b - a +0 dagger
Missiles
 c - 6 poisoned darts
Armour
 j - a +2 pair of boots (worn)
Jewellery
 f - the ring of Serendipity {Fly rC+ MP-9 Str+6 Dex+2}
   (You found it on level 2 of the Dungeon)

   [ring of strength]

   Str:       It affects your strength (+6).
   Dex:       It affects your dexterity (+2).
   rC:        It protects you from cold.
   MP:        It affects your magic capacity (-9).
   Fly:       It grants you flight.
 h - an amulet of reflection (around neck)
Wands
 d - a wand of paralysis (10)
Scrolls
 i - a scroll of amnesia
Potions
 e - a potion of magic


   Skills:
 + Level 0.2 Fighting
 + Level 0.8 Short Blades
 + Level 2.2 Dodging
 + Level 2.2 Stealth
 + Level 2.6 Spellcasting
 + Level 4.6 Ice Magic


You had 7 spell levels left.
You knew the following spells:

 Your Spells              Type           Power      Damage    Failure   Level
a - Freeze                Ice            64%        1d7       3%          1

Your spell library contained the following spells:

 Spells                   Type           Power      Damage    Failure   Level
 Frozen Ramparts          Ice            32%        1d5       9%          3
 Ozocubu's Armour         Ice            16%        N/A       9%          3
 Hailstorm                Conj/Ice       8%         3d4       24%         3
 Summon Ice Beast         Ice/Summ       8%         N/A       63%         4


Dungeon Overview and Level Annotations

Branches:
Dungeon (2/15)

Altars:

Annotations:
D:2 Robin


Innate Abilities, Weirdness & Mutations

Your plain brown scales are hard. (AC +5)
You cannot fit into any form of body armour.
You are cold-blooded and may be slowed by cold attacks.


Message History

You block the goblin's attack. The goblin hits you with a +0 club. x2
* * * LOW HITPOINT WARNING * * *
The goblin misses you.
Okay, then.
It was a potion of curing.
You feel better. The goblin closely misses you. The goblin barely misses you.
The goblin hits you but does no damage. The hobgoblin barely misses you.
The goblin misses you.
Casting: Freeze (safe; 3% risk of failure)
Confirm with . or Enter, or press ? or * to list all spells.
Aiming: Freeze (safe; 3% risk of failure)
Press: ? - help, Shift-Dir - straight line, f/p - goblin
Aim: a goblin, wielding a +0 club (heavily wounded, strong)
You freeze the goblin.
The goblin is severely wounded.
The goblin hits you but does no damage. You block the goblin's attack.
The hobgoblin hits you but does no damage.
The goblin hits you but does no damage. The goblin barely misses you.
Robin says, "Duck!"
You barely miss the goblin.
The goblin is severely wounded.
The goblin hits you with a +0 club. The goblin closely misses you.
The hobgoblin hits you but does no damage.
The goblin barely misses you. The goblin closely misses you.
You closely miss the goblin.
The goblin is severely wounded.
The goblin hits you with a +0 club.
* * * LOW HITPOINT WARNING * * *
The goblin hits you with a +0 club.
* * * LOW HITPOINT WARNING * * *
The goblin hits you but does no damage. The goblin barely misses you.
The hobgoblin barely misses you.
You hit the goblin.
You kill the goblin!
Robin misses you. The goblin completely misses you. The goblin misses you.
The hobgoblin closely misses you. The goblin hits you but does no damage.
You hit the goblin.
You kill the goblin!
Robin throws the goblin at you! The goblin hits you but does no damage.
The goblin hits you with a +0 dagger.
You die...

#......# .. ##........
###.##.## .# ##.........
#.##..# .###..........
#.###.###.##...........
#.>.......#............
######.<..#............
#....#.......8..8.
#gg..#........##..
#@gg.#.......)##..
###ggB.#.......8..8†
#...g..#............
......)))..#............
...........##...........
............##..........
....#.#......##.........
....#.#.......##........
#.. ...........##.......


You could see Robin, a giant cockroach, 2 hobgoblins and 4 goblins.

Vanquished Creatures
  An adder (D:2)
  2 adder zombies (D:2)
  An adder skeleton (D:2)
  4 endoplasms
  2 giant cockroaches
  14 goblins
  2 hobgoblins (D:1)
  3 kobolds
  A quokka (D:2)
  7 ball pythons
  2 ball python zombies (D:2)
  4 bats (D:1)
  3 frilled lizards
  7 rats
53 creatures vanquished.

Notes
Turn   | Place    | Note
-------+----------+-------------------------------------------
     0 | D:1      | CaptainMV the Draconian Ice Elementalist began the quest
                  | for the Orb.
     0 | D:1      | Reached XP level 1. HP: 14/14 MP: 3/3
   230 | D:1      | Reached XP level 2. HP: 20/20 MP: 0/5
   416 | D:1      | Found a faded altar of an unknown god.
   660 | D:2      | Reached XP level 3. HP: 26/26 MP: 6/6
   724 | D:2      | Identified the ring of Serendipity {Fly rC+ MP-9 Str+6
                  | Dex+2}
  1047 | D:2      | Noticed Robin
  1050 | D:2      | Reached XP level 4. HP: 30/33 MP: 5/7
  1064 | D:2      | Slain by a goblin

Illustrated notes

Levels and vault maps discovered:
D:1:      dpeg_arrival_subterranean_lakeside_camping, layout_basic,
          basic_ecumenical_altar
D:2:      kennysheep_big_flooded_room, layout_rooms, serial_undead,
          serial_undead_b, serial_undead_c, serial_undead_b, serial_undead_c,
          uniq_robin

Skill      XL: |  1  2 |
---------------+-------+-----
Dodging        | 2 |  2.2
Stealth        | 2 |  2.2
Fighting       | |  0.2
Short Blades   | |  0.8
Spellcasting   | |  2.6
Ice Magic      | |  4.6

Action                     |  1- 3 |  4- 6 || total
---------------------------+-------+-------++-------
  Melee: Dagger            |    86 |     6 ||    92
         Tailslap          |     9 |       ||     9
         Punch             |     1 |       ||     1
   Cast: Freeze            |    30 |     6 ||    36
    Use: Scroll            |     2 |       ||     2
         Potion            |       |     1 ||     1
   Stab: Sleeping          |     3 |       ||     3
         Distracted        |     1 |       ||     1
 Armour: Skin              |    45 |    13 ||    58
  Dodge: Dodged            |    71 |    24 ||    95
  Block: Other             |       |     6 ||     6
